 Dungeon Crawl Stone Soup version 0.31-a0-23-gcbde74481b (webtiles) character file.

Game seed: 980999026040626922

5673 pk666 the Thaumaturge (level 10, -1/50 HPs)
             Began as a Deep Elf Hedge Wizard on May 13, 2023.
             Slain by a gnoll sergeant
             ... wielding a +4 spear of distortion
              (19 damage)
             ... on level 9 of the Dungeon.
             The game lasted 00:27:08 (9149 turns).

pk666 the Thaumaturge (Deep Elf Hedge Wizard)       Turns: 9149, Time: 00:27:08

Health: -1/50      AC:  9    Str:  7    XL:     10   Next: 47%
Magic:  32/36      EV: 14    Int: 30    God:
Gold:   407        SH:  0    Dex: 12    Spells: 26/32 levels left

rFire   . . .        G - +4 war axe "Suygas" {heavy, +Blink rC+ Int+6 Dex-2}
rCold   + . .        (no shield)
rNeg    . . .        b - +0 robe
rPois   .            c - +0 hat
rElec   .            r - scarf {repulsion}
rCorr   .            q - +2 pair of gloves
SInv    .            (no boots)
Will    +....        N - amulet of magic regeneration
Stlth   ++           v - +4 ring of protection
HPRegen 0.28/turn    o - ring of magical power
MPRegen 0.65/turn

%: repel missiles
@: no status effects
A: no striking features
a: Evoke Blink


You were on level 9 of the Dungeon.
You visited 2 branches of the dungeon, and saw 10 of its levels.

You collected 467 gold pieces.
You spent 60 gold pieces at shops.

Inventory:

Hand Weapons
 n - a +2 dagger of venom
 G - the +4 war axe "Suygas" (weapon) {heavy, +Blink rC+ Int+6 Dex-2}
   (You found it on level 5 of the Dungeon)

   Int:       It affects your intelligence (+6).
   Dex:       It affects your dexterity (-2).
   rC:        It protects you from cold.
   +Blink:    It lets you blink.
Armour
 b - a +0 robe (worn)
 c - a +0 hat (worn)
 q - a +2 pair of gloves (worn)
 r - a scarf of repulsion (worn)
 J - +2 swamp dragon scales
Magical Staves
 A - a staff of poison
Jewellery
 m - a ring of positive energy
 o - a ring of magical power (right hand)
 t - an amulet of guardian spirit
 v - a +4 ring of protection (left hand)
 x - a ring of fire
 F - a +6 ring of strength
 N - an amulet of magic regeneration (around neck)
Wands
 B - a wand of mindburst (14)
 E - a wand of flame (37)
 K - a wand of charming (8)
Scrolls
 g - 2 scrolls of enchant armour
 h - 7 scrolls of teleportation
 i - a scroll of silence {unknown}
 j - 2 scrolls of noise
 k - a scroll of brand weapon {unknown}
 p - 2 scrolls of identify
 u - a scroll of blinking {unknown}
 w - a scroll of fog {unknown}
 y - a scroll of poison {unknown}
 C - a scroll of fear {unknown}
 H - a scroll of magic mapping {unknown}
 I - a scroll of immolation {unknown}
 M - a scroll of enchant weapon {unknown}
 O - a scroll of torment {unknown}
Potions
 a - 2 potions of ambrosia
 d - 3 potions of magic
 e - 3 potions of cancellation
 f - a potion of mutation
 l - a potion of flight
 s - 2 potions of curing
 z - 2 potions of attraction
 D - a potion of heal wounds {unknown}
 L - 2 potions of brilliance {unknown}


   Skills:
 + Level 7.3 Dodging
 - Level 2.4 Stealth
 + Level 11.5 Spellcasting
 + Level 9.1 Conjurations
 - Level 1.1 Summonings
 - Level 2.9 Translocations
 + Level 6.1 Fire Magic
 - Level 4.0 Air Magic
 - Level 5.0 Poison Magic


You had 26 spell levels left.
You knew the following spells:

 Your Spells              Type           Power      Damage    Failure   Level
a - Magic Dart            Conj           100%       1d8       1%          1
b - Blink                 Tloc           70%        N/A       1%          2
c - Mephitic Cloud        Conj/Pois/Air  52%        N/A       1%          3

Your spell library contained the following spells:

 Spells                   Type           Power      Damage    Failure   Level
 Cigotuvi's Dreadful Rot  Necr/Pois/Air  70%        N/A       1%          2
 Slow                     Hex            68%        N/A       3%          1
 Call Imp                 Summ           46%        N/A       3%          2


Dungeon Overview and Level Annotations

Branches:
Dungeon (9/15)             Temple (1/1) D:7
   Lair: D:8-11         Orc: D:9-12

Altars:
Ashenzari
Cheibriados
Dithmenos
Elyvilon
Fedhas
Gozag
Hepliaklqana
Kikubaaqudgha
Makhleb
Nemelex Xobeh
Okawaru
Qazlal
Ru
Sif Muna
Wu Jian
Xom
Yredelemnul
Zin
The Shining One

Shops:
D:5 ?(   D:6 *


Message History

The magic dart hits the gnoll sergeant.
The gnoll sergeant is lightly wounded.
A gnoll comes into view. It is wielding a +0 spear.
The gnoll sergeant is engulfed in noxious fumes.
The gnoll sergeant appears confused.
Casting: Magic Dart (safe; 1% risk of failure)
Confirm with . or Enter, or press ? or * to list all spells.
Aiming: Magic Dart (safe; 1% risk of failure)
Press: ? - help, Shift-Dir - straight line, f/p - gnoll sergeant
Aim: a gnoll sergeant, wielding a +4 spear of distortion and wearing a +0 ring mail (lightly wounded, confused, 100% to hit)
The magic dart hits the gnoll sergeant but does no damage.
The gnoll sergeant is lightly wounded.
The gnoll shouts!
Casting: Magic Dart (safe; 1% risk of failure)
Confirm with . or Enter, or press ? or * to list all spells.
Aiming: Magic Dart (safe; 1% risk of failure)
Press: ? - help, Shift-Dir - straight line, f/p - gnoll sergeant
Aim: a gnoll sergeant, wielding a +4 spear of distortion and wearing a +0 ring mail (lightly wounded, confused, 100% to hit)
The magic dart hits the gnoll sergeant but does no damage.
The gnoll sergeant is lightly wounded.
A gnoll comes into view. It is wielding a +0 spear.
Casting: Magic Dart (safe; 1% risk of failure)
Confirm with . or Enter, or press ? or * to list all spells.
Aiming: Magic Dart (safe; 1% risk of failure)
Press: ? - help, Shift-Dir - straight line, f/p - gnoll sergeant
Aim: a gnoll sergeant, wielding a +4 spear of distortion and wearing a +0 ring mail (noxious fumes, lightly wounded, confused, 100% to hit)
The magic dart hits the gnoll sergeant but does no damage.
The gnoll sergeant is lightly wounded.
The gnoll sergeant is engulfed in noxious fumes.
The gnoll sergeant appears confused.
Casting: Magic Dart (safe; 1% risk of failure)
Confirm with . or Enter, or press ? or * to list all spells.
Aiming: Magic Dart (safe; 1% risk of failure)
Press: ? - help, Shift-Dir - straight line, f/p - gnoll sergeant
Aim: a gnoll sergeant, wielding a +4 spear of distortion and wearing a +0 ring mail (lightly wounded, confused, 100% to hit)
The magic dart hits the gnoll sergeant but does no damage.
The gnoll sergeant is lightly wounded.
The gnoll sergeant hits you with a +4 spear of distortion.
Space warps horribly around you!!
You die...

####...#
#...########
#...........
#....#######
#..#.#
#..#.##### .
#.............
#..#..#.##....
#..#.@#.....$.
#....g..##..
#....○..# .
#......g°..
#........###
#........g
#..........
#...........
#.#.....####


You could see a gnoll sergeant (confused) and 2 gnolls.

Vanquished Creatures
  Maggie (D:7)
  Psyche (D:8)
  A troll (D:9)
  Prince Ribbit (D:7)
  A shadow (D:9)
  A wyvern (D:7)
  3 yaks (D:8)
  2 water moccasins
  An orc warrior (D:8)
  2 sky beasts (D:7)
  A black bear (D:6)
  2 ice beasts
  An ogre (D:6)
  3 centaurs (D:8)
  2 phantoms (D:5)
  3 kobold brigands (D:7)
  5 bullfrogs
  A gnoll sergeant (D:8)
  4 scorpions
  9 wights (D:8)
  A water moccasin skeleton (D:5)
  A water moccasin zombie (D:5)
  13 killer bees
  2 bullfrog zombies (D:5)
  3 hounds (D:6)
  5 orc priests
  2 centaur skeletons (D:5)
  A jelly (D:4)
  Ijyb (D:5)
  2 iguanas
  3 orc wizards
  A hound zombie (D:5)
  5 gnolls
  5 adders
  3 shadow imps
  A white imp (D:7)
  An ufetubus (D:5)
  2 dart slugs
  18 orcs
  9 ball pythons
  5 endoplasms
  4 giant cockroaches
  4 goblins
  6 hobgoblins
  6 quokkas
  5 bats
  3 frilled lizards
  A goblin zombie (D:9)
  19 kobolds
  An orc zombie (D:9)
  3 rats
181 creatures vanquished.

Vanquished Creatures (collateral kills)
  A killer bee (D:7)
1 creature vanquished.

Vanquished Creatures (others)
  An orc wizard (D:8)
  A gnoll (D:8)
2 creatures vanquished.

Grand Total: 184 creatures vanquished

Notes
Turn   | Place    | Note
-------+----------+-------------------------------------------
     0 | D:1      | pk666 the Deep Elf Hedge Wizard began the quest for the
                  | Orb.
     0 | D:1      | Reached XP level 1. HP: 10/10 MP: 7/7
   338 | D:1      | Reached XP level 2. HP: 15/15 MP: 6/9
   366 | D:1      | Learned a level 2 spell: Blink
   687 | D:1      | Reached XP level 3. HP: 19/19 MP: 3/11
   857 | D:1      | Reached skill level 5 in Spellcasting
  1850 | D:3      | Reached XP level 4. HP: 24/24 MP: 13/13
  2153 | D:3      | Found a faded altar of an unknown god.
  2376 | D:3      | Learned a level 3 spell: Mephitic Cloud
  2462 | D:3      | Found an iron altar of Okawaru.
  2649 | D:4      | Reached skill level 1 in Poison Magic
  2649 | D:4      | Reached XP level 5. HP: 28/28 MP: 15/15
  2890 | D:4      | Found an opulent altar of Gozag.
  3066 | D:4      | Reached skill level 1 in Air Magic
  3160 | D:4      | Found a glowing silver altar of Zin.
  3268 | D:5      | Entered Level 5 of the Dungeon
  3278 | D:5      | Reached skill level 6 in Spellcasting
  3278 | D:5      | Reached XP level 6. HP: 32/32 MP: 15/17
  3456 | D:5      | Found a sacrificial altar of Ru.
  3773 | D:5      | Noticed Ijyb
  3909 | D:5      | Reached XP level 7. HP: 34/36 MP: 16/18
  4221 | D:5      | Found Kitent's Magic Scroll Boutique.
  4229 | D:5      | Bought a scroll of noise for 10 gold pieces
  4229 | D:5      | Bought a scroll of teleportation for 30 gold pieces
  4229 | D:5      | Bought a scroll of identify for 20 gold pieces
  4292 | D:5      | Killed Ijyb
  4385 | D:5      | Identified the +4 war axe "Suygas" {heavy, +Blink rC+ Int+6
                  | Dex-2}
  4662 | D:5      | Reached skill level 7 in Spellcasting
  4706 | D:5      | Reached skill level 5 in Poison Magic
  4802 | D:5      | Found Kiwkidan's Antique Weapon Emporium.
  4926 | D:5      | Reached skill level 5 in Conjurations
  4926 | D:5      | Reached XP level 8. HP: 30/41 MP: 16/21
  5071 | D:6      | Reached skill level 8 in Spellcasting
  5244 | D:6      | Found Ysidymm's Assorted Antiques.
  5664 | D:6      | Found a sparkling altar of Nemelex Xobeh.
  5667 | D:6      | Found a hazy altar of Hepliaklqana.
  5667 | D:6      | Found a shadowy altar of Dithmenos.
  5734 | D:6      | Found a basalt altar of Yredelemnul.
  5809 | D:7      | Reached skill level 9 in Spellcasting
  5809 | D:7      | Reached skill level 1 in Fire Magic
  5871 | D:7      | Noticed Prince Ribbit
  5880 | D:7      | Killed Prince Ribbit
  5881 | D:7      | Reached XP level 9. HP: 28/45 MP: 19/24
  6095 | D:7      | Noticed Maggie
  6128 | D:7      | Killed Maggie
  6381 | D:7      | Reached skill level 10 in Spellcasting
  6519 | D:7      | Reached skill level 5 in Dodging
  6583 | D:7      | Found a staircase to the Ecumenical Temple.
  6616 | Temple   | Entered the Ecumenical Temple
  6732 | D:7      | Found a shimmering altar of Xom.
  7523 | D:8      | Noticed Psyche
  7531 | D:8      | Killed Psyche
  7532 | D:8      | Reached skill level 5 in Fire Magic
  7532 | D:8      | Reached XP level 10. HP: 50/50 MP: 26/26
  7876 | D:8      | Reached skill level 11 in Spellcasting
  8351 | D:8      | Found an ancient bone altar of Kikubaaqudgha.
  9149 | D:9      | Slain by a gnoll sergeant

Illustrated notes

Levels and vault maps discovered:
D:1:      minmay_arrival_open_corners, layout_rooms
D:2:      layout_rooms
D:3:      layout_rooms, okawaru_trees_2, nicolae_overflow_ecumenical_swirl,
          hex_medium, minmay_misc_feat_ornament
D:4:      layout_cave_pools, overflow_temple_1_default,
          nicolae_gozag_cash_rules_everything_around_me
D:5:      layout_gridville, mainiacjoe_overflow_six_doors_small, serial_shops,
          nicolae_shop_real_fake_doors, shop, serial_undead, serial_undead_c,
          serial_undead_b, serial_undead_d, serial_undead_e, uniq_ijyb
D:6:      layout_cave_pools, grunt_temple_overflow_open, serial_shops, shop
D:7:      layout_loops_ring, mainiacjoe_overflow_cross_hatched, temple_statues,
          uniq_maggie, uniq_prince_ribbit1
D:8:      layout_basic, nicolae_kikubaaqudgha_miasma_corner, uniq_psyche
D:9:      layout_loops_ring, overflow_temple_1_default, zombieorc1_lemuel
Temple:   hellmonk_temple_rainy

Skill      XL: |  1  2  3  4  5  6  7  8  9 10 |
---------------+-------------------------------+-----
Conjurations   | 2 3 4 5 7 8 9 |  9.1
Translocations | 2 |  2.9
Spellcasting   | 5 6 7 9 10 11 | 11.5
Poison Magic   | 1 2 3 5 |  5.0
Air Magic      | 1 2 3 4 |  4.0
Dodging        | 3 6 7 |  7.3
Fire Magic     | 2 5 6 |  6.1
Stealth        | |  2.4
Summonings     | |  1.1

Action                     |  1- 3 |  4- 6 |  7- 9 | 10-12 || total
---------------------------+-------+-------+-------+-------++-------
  Melee: Dagger            |       |     3 |     4 |       ||     7
         War axe           |       |       |    67 |    33 ||   100
         Unarmed           |       |       |     2 |       ||     2
         Punch             |       |       |     1 |       ||     1
   Cast: Magic Dart        |   101 |   155 |   284 |   144 ||   684
         Mephitic Cloud    |       |     3 |    24 |    13 ||    40
         Blink             |       |     1 |     5 |     4 ||    10
    Use: Scroll            |       |       |     8 |     1 ||     9
         Potion            |       |       |       |     2 ||     2
   Stab: Confused          |       |       |     6 |     2 ||     8
         Sleeping          |       |       |     2 |       ||     2
 Armour: Robe              |     1 |    10 |    46 |    31 ||    88
  Dodge: Dodged            |    12 |    24 |   107 |    81 ||   224
         Repelled          |       |     2 |     2 |       ||     4

Table legend: (Time is in decaauts)
 A = Elapsed time spent in this place.
 B = Non-inter-level travel time spent in this place.
 C = Inter-level travel time spent in this place.
 D = Time resting spent in this place.
 E = Time spent auto-exploring this place.
 F = Levels seen in this place.
 G = Mean time per level.
                   A        B        C        D        E       F      G
               +--------+--------+--------+--------+--------+-----+--------+
         Total |   9278 |   8926 |    352 |   2546 |   4841 |  10 |  927.8 |
       Dungeon |   9246 |   8907 |    339 |   2546 |   4827 |   9 | 1027.3 |
        Temple |     31 |     18 |     13 |      0 |     14 |   1 |   31.0 |
               +--------+--------+--------+--------+--------+-----+--------+

Top non-repeatable levels by time:
     D:8: 1926 daAuts
     D:5: 1721 daAuts
     D:7: 1294 daAuts
     D:1: 1059 daAuts
     D:3: 822 daAuts
     D:6: 787 daAuts
     D:4: 715 daAuts
     D:2: 702 daAuts
     D:9: 216 daAuts
  Temple: 31 daAuts
